 Dungeon Crawl Stone Soup version 0.23-a0-860-g8ff03fb (webtiles) character file.

6 Mgcat the Skirmisher (level 1, 0/21 HPs)
             Began as a Naga Fighter on Jan 27, 2019.
             Slain by an ooze (2 damage)
             ... on level 1 of the Dungeon.
             The game lasted 00:00:47 (235 turns).

Mgcat the Skirmisher (Naga Fighter)                  Turns: 235, Time: 00:00:48

Health: 0/21       AC:  3    Str: 18    XL:     1   Next: 90%
Magic:  1/1        EV:  5    Int:  8    God:
Gold:   20         SH:  8    Dex: 10    Spells: 0/0 levels left

rFire    . . .     SeeInvis +     - Unarmed
rCold    . . .     Gourm    .   b - +0 shield
rNeg     . . .     Faith    .   a - +0 scale mail
rPois    +         Spirit   .   (no helmet)
rElec    .         Reflect  .   (no cloak)
rCorr    .         Harm     .   (no gloves)
MR       .....                  (no barding)
Stlth    ..........             (no amulet)
HPRegen  0.07/turn              (no ring)
MPRegen  0.07/turn              (no ring)

@: short of breath, very slow
A: large, see invisible, deformed body, poison resistance, slowness 2, slow
metabolism 1, spit poison 1, AC +0
a: Spit Poison


You were on level 1 of the Dungeon.
You were not hungry.

You visited 1 branch of the dungeon, and saw 1 of its levels.

You collected 20 gold pieces.

Inventory:

Armour
 a - a +0 scale mail (worn)
 b - a +0 shield (worn)
Potions
 c - a potion of might
 e - a potion of heal wounds {unknown}
 g - a potion of curing {unknown}
Comestibles
 d - 2 rations
 f - a chunk of flesh {@w0}


   Skills:
 + Level 3.2 Fighting
 - Level 2.4 Armour
 - Level 2.4 Shields
 + Level 2.3 Unarmed Combat


You couldn't memorise any spells.
You didn't know any spells.
Your spell library was empty.

Dungeon Overview and Level Annotations

Branches:
Dungeon (1/15)

Altars:


Innate Abilities, Weirdness & Mutations

You cannot wear boots.
Your serpentine skin is tough. (AC +0)
You have supernaturally acute eyesight. (SInv)
Armour fits poorly on your strangely shaped body.
Your system is resistant to poisons. (rPois)
You cover ground very slowly.
You have a slow metabolism.
You can spit poison.


Message History

You are too injured to fight recklessly!
You are too injured to fight recklessly!
You are too injured to fight recklessly!
Spoiler Alert: The giant cockroach is fast!
You are too injured to fight recklessly!
Your shield and scale mail prevent you from hitting the giant cockroach.
The giant cockroach bites you but does no damage.
Press: ? - help, Shift-Dir - straight line, f - giant cockroach
Aim: a giant cockroach The splash of poison hits the giant cockroach but does no damage.
You feel slightly more hungry.
The giant cockroach completely misses you.
Spoiler Alert: The giant cockroach is fast!
You closely miss the giant cockroach.
The giant cockroach bites you but does no damage.
You hit the giant cockroach.
The giant cockroach is severely wounded.
You have got your breath back.
You block the giant cockroach's attack.
Spoiler Alert: The giant cockroach is fast!
Unknown command.
Press: ? - help, Shift-Dir - straight line, f/p - giant cockroach
Aim: a giant cockroach (severely wounded)
You fail to use your ability.
You block the giant cockroach's attack. The giant cockroach bites you.
You take 1 damage, and have 15/21 hp.
Spoiler Alert: The giant cockroach is fast!
You hit the giant cockroach.
You kill the giant cockroach!
You see here a giant cockroach corpse.
Unknown command.
You see here a giant cockroach corpse.
You butcher the giant cockroach corpse.
f - 2 chunks of flesh {@w0} (gained 1)
You start resting.
HP restored.
You regained 2 hp, and now have 17/21 hp.
You start resting.
HP restored.
Health restored: 21 You now have 20 gold pieces (gained 10).
Some of the chunks of flesh in your inventory have rotted away.
e - a black potion
g - a fuming inky potion An ooze and a hobgoblin come into view.
The hobgoblin shouts!
The ooze quivers.
A jackal comes into view.
Spoiler Alert: The jackal (wandering) is fast!
Lua error: [string "/dgldir/rcfiles/crawl-git/Mgcat.rc"]:926: invalid capture index Lua error: [string "/dgldir/rcfiles/crawl-git/Mgcat.rc"]:926: invalid capture index
Press: ? - help, Shift-Dir - straight line, f - hobgoblin
Aim: a hobgoblin You fail to use your ability.
You closely miss the hobgoblin. You block the hobgoblin's attack.
Press: ? - help, Shift-Dir - straight line, f - ooze, p - hobgoblin
Aim: an ooze The splash of poison hits the hobgoblin but does no damage.
The hobgoblin is poisoned.
You feel slightly more hungry.
A jackal comes into view.
You block the hobgoblin's attack.
Spoiler Alert: The jackal (wandering) is fast!
The jackal barks!
You hit the hobgoblin but do no damage.
The hobgoblin is lightly wounded.
You hear a bark!
You hear an angry hiss.
The hobgoblin hits you.
You take 4 damage, and have 17/21 hp.
Spoiler Alert: The jackal is fast!
You hit the hobgoblin.
The hobgoblin is heavily wounded.
The hobgoblin hits you.
You take 4 damage, and have 13/21 hp.
Warning x2: The jackal is fast! x2
You hit the hobgoblin.
You kill the hobgoblin!
You hit the ooze.
The ooze is moderately wounded.
The ooze hits you but does no damage.
You hit the ooze.
The ooze is severely wounded.
The ooze hits you. x2
* * * LOW HITPOINT WARNING * * *
You take 7 damage, and have 6/21 hp.
MASSIVE DAMAGE!!
Warning x2: The jackal is fast! x2
You hit the ooze but do no damage.
The ooze is severely wounded.
You have got your breath back.
The ooze hits you.
* * * LOW HITPOINT WARNING * * *
You take 4 damage, and have 2/21 hp.
Warning x2: The jackal is fast! x2
Unknown command.
Unknown command.
Press: ? - help, Shift-Dir - straight line, f - jackal, p - ooze
Aim: a jackal The splash of poison hits the ooze.
The ooze is almost dead.
You feel slightly more hungry. The ooze hits you.
You die...

###..............##.......
.................##.......
..................#.......
..h...............#....>..
.......#..........###.###.
.......#..............# #.
.......#.hh.......##### #.
......g##J####....# #.
....... #@# #....# ##
..........# #....#
).....##### ###### ##


You could see an ooze and 2 jackals.

Vanquished Creatures
  A leopard gecko (D:1)
  A giant cockroach (D:1)
  2 hobgoblins (D:1)
4 creatures vanquished.

Notes
Turn   | Place    | Note
-------+----------+-------------------------------------------
     0 | D:1      | Mgcat the Naga Fighter began the quest for the Orb.
     0 | D:1      | Reached XP level 1. HP: 21/21 MP: 1/1
   234 | D:1      | HP: 2/21 [ooze (4)]
   235 | D:1      | Slain by an ooze

Vault maps used:
D:1:      ncdulo_smallfort

Action                   || total
-------------------------++-------
Melee: Unarmed           ||    36
 Abil: Spit Poison       ||     3
Armor: Scale mail        ||    11
Dodge: Dodged            ||     7
Block: Shield            ||    12

Table legend:
 A = Non-vault XP
 B = Vault XP
 C = Vault XP percentage of total XP
 D = Non-vault monster count
 E = Vault monster count
 F = Vault count percentage of total count
                 A         B        C        D         E       F
            +---------+---------+-------+---------+---------+-------
      Total |       9 |       0 |   0.0 |       4 |       0 |   0.0
            +---------+---------+-------+---------+---------+-------
        D:1 |       9 |       0 |   0.0 |       4 |       0 |   0.0
            +---------+---------+-------+---------+---------+-------

Vault maps used:
D:1:      ncdulo_smallfort

Table legend:
 A = Turns spent in this place as a percentage of turns spent in the entire game.
 B = Non-inter-level travel turns spent in this place as a percentage of non-inter-level travel turns spent in the entire game.
 C = Inter-level travel turns spent in this place as a percentage of turns spent in this place.
 D = Turns resting spent in this place as a percentage of non-inter-level travel turns spent in this place.
 E = Turns spent auto-exploring this place as a percentage of non-inter-level travel turns spent in this place.
 F = Non-inter-level travel turns spent in this place divided by the number of levels of this place that you've seen.
                   A       B       C       D       E      F
               +-------+-------+-------+-------+-------+----------------------
         Total | 100.0 | 100.0 |   0.0 |  30.6 |  42.6 | 235.0
       Dungeon | 100.0 | 100.0 |   0.0 |  30.6 |  42.6 | 235.0
               +-------+-------+-------+-------+-------+----------------------

Table legend:
 A = Kills in this place as a percentage of kills in entire the game.
 B = Kills by you in this place as a percentage of kills by you in the entire game.
 C = Kills by friends in this place as a percentage of kills by friends in the entire game.
 D = Other kills in this place as a percentage of other kills in the entire game.
 E = Experience gained in this place as a percentage of experience gained in the entire game.
 F = Experience gained in this place divided by the number of levels of this place that you have seen.
                   A       B       C       D       E      F
               +-------+-------+-------+-------+-------+----------------------
         Total | 100.0 | 100.0 |   N/A |   N/A | 100.0 |   9.0
       Dungeon | 100.0 | 100.0 |   N/A |   N/A | 100.0 |   9.0
               +-------+-------+-------+-------+-------+----------------------
